 Dungeon Crawl Stone Soup version 0.23.0 (webtiles) character file.

Game seed: 8461735069559444086

1411215 Flugkiller the Eviscerator (level 25, 116/116 HPs)
             Began as a Felid Summoner on Feb 12, 2019.
             Was the Champion of Kikubaaqudgha.
             Escaped with the Orb
             ... and 3 runes!
             The game lasted 05:08:04 (94183 turns).

Flugkiller the Eviscerator (Felid Summoner)        Turns: 94183, Time: 05:08:04

Health: 116/116    AC: 11    Str:  5    XL:     25   Next: 14%
Magic:  42/42      EV: 38    Int: 26    God:    Kikubaaqudgha [******]
Gold:   5547       SH:  4    Dex: 20    Spells: 1/52 levels left
                                        Lives:  2   Deaths: 5

rFire    + + .     SeeInvis +     - Unarmed
rCold    + . .     Gourm    .   (shield unavailable)
rNeg     . . .     Faith    .   (armour unavailable)
rPois    .         Spirit   +   (helmet unavailable)
rElec    .         Reflect  .   (cloak unavailable)
rCorr    .         Harm     .   (gloves unavailable)
MR       ++++.                  (boots unavailable)
Stlth    ++........             V - amulet of guardian spirit
HPRegen  0.29/turn              O - +6 ring of protection
MPRegen  0.28/turn              P - ring of protection from fire

@: quick
A: very small, no armour, no weapons or thrown items, stealth, claws 1, fangs 3,
repulsion field 1, iridescent scales 1, large bone plates 1, see invisible,
agile 1, carnivore, fire resistance 1, speed 1, magic resistance 1, shaggy fur
3, slow metabolism 1, wild magic 1, sharp paws
0: Orb of Zot
}: 3/15 runes: barnacled, abyssal, gossamer
a: Receive Corpses, Torment, Renounce Religion


You escaped.
You worshipped Kikubaaqudgha.
Kikubaaqudgha was exalted by your worship.
You were not hungry.

You visited 10 branches of the dungeon, and saw 50 of its levels.
You visited the Abyss 3 times.
You also visited: Ossuary and Ice Cave.

You collected 7495 gold pieces.
You spent 1948 gold pieces at shops.

Inventory:

Jewellery
 g - an uncursed ring of positive energy
   (You found it on level 1 of the Dungeon)
 i - an uncursed ring of protection from magic
   (You took it off a spriggan air mage on level 2 of the Depths)
 p - an uncursed ring of protection from magic
   (You took it off Nergalle on level 1 of the Lair of Beasts)
 G - the ring "Duxomol" {rCorr MR+ Str+4 Int+3}
   (You took it off a deep elf master archer on level 3 of the Elven Halls)

   [ring of resist corrosion]

   It affects your strength (+4).
   It affects your intelligence (+3).
   It affects your resistance to hostile enchantments.
 L - the ring "Zegarus" {rPois MR+ EV+4 Int+3 Dex+2}
   (You took it off a deep elf mage on level 3 of the Elven Halls)

   [ring of evasion]

   It affects your evasion (+4).
   It affects your intelligence (+3).
   It affects your dexterity (+2).
   It protects you from poison.
   It affects your resistance to hostile enchantments.
 O - a +6 ring of protection (left paw)
   (You bought it in a shop on level 2 of the Orcish Mines)
 P - a ring of protection from fire (right paw)
   (You found it on level 15 of the Dungeon)
 V - an amulet of guardian spirit (around neck)
   (You found it on level 3 of the Shoals)
 W - a +5 ring of slaying
   (You found it on level 3 of the Elven Halls)
 Z - an uncursed amulet of regeneration
   (You found it on level 2 of the Abyss)
Wands
 v - a wand of iceblast (24)
   (You took it off Nessos on level 4 of the Lair of Beasts)
 w - a wand of digging (14)
   (You found it on level 2 of the Spider Nest)
 A - a wand of scattershot (3)
   (You found it on level 1 of the Crypt)
 B - a wand of polymorph (26)
   (You took it off Dowan on level 7 of the Dungeon)
 D - a wand of clouds (12)
   (You took it off Harold on level 8 of the Dungeon)
 I - a wand of enslavement (15)
   (You found it on level 4 of the Spider Nest)
 N - a wand of flame (39)
   (You found it on level 15 of the Dungeon)
 Q - a wand of disintegration (5)
   (You took it off a yaktaur on level 3 of the Depths)
 T - a wand of acid (17)
   (You took it off an ironbrand convoker on level 3 of the Vaults)
Scrolls
 d - 12 scrolls of teleportation
 e - 25 scrolls of remove curse
 f - 5 scrolls of summoning
 h - 7 scrolls of magic mapping
 m - 10 scrolls of immolation
 r - 10 scrolls of amnesia
 t - 5 scrolls of torment
 u - 4 scrolls of holy word
 y - 4 scrolls of fog
 H - 4 scrolls of vulnerability
 R - 2 scrolls of silence
 S - 4 scrolls of fear
 X - 6 scrolls of identify
 Y - a scroll of blinking
Potions
 a - 7 potions of ambrosia
 c - 20 potions of curing
 j - 2 potions of invisibility
 k - 14 potions of lignification
 l - 4 potions of brilliance
 n - 2 potions of magic
 o - 9 potions of agility
 s - 7 potions of mutation
 x - 5 potions of flight
 z - 3 potions of resistance
 C - 2 potions of heal wounds
 E - 5 potions of might
 F - a potion of haste
 J - 3 potions of cancellation
 K - 7 potions of berserk rage
Miscellaneous
 q - 2 phantom mirrors
 M - a lamp of fire
   (You found it on level 15 of the Dungeon)
Comestibles
 b - 76 rations


   Skills:
 + Level 19.0 Fighting
 - Level 19.5 Dodging
 - Level 12.0 Stealth
 * Level 22.0 Unarmed Combat
 - Level 14.0 Spellcasting
 - Level 15.0 Summonings
 - Level 18.0 Necromancy
   Level 6.0 Translocations
 - Level 15.0 Transmutations
 - Level 11.0 Earth Magic
 - Level 5.0 Evocations


You had one spell level left.
You knew the following spells:

 Your Spells              Type           Power        Failure   Level  Hunger
a - Borgnjor's Vile Clut  Necr/Erth      #######...   1%          5    ##.....
b - Death Channel         Necr           #######...   1%          6    ####...
c - Borgnjor's Revivific  Necr           #######...   17%         8    #######
d - Dragon Form           Tmut           #######...   9%          7    ######.
e - Summon Lightning Spi  Summ/Air       ######..     2%          4    None
h - Regeneration          Chrm/Necr      ######....   1%          3    None
i - Statue Form           Tmut/Erth      #######..    4%          6    ####...
j - Dispel Undead         Necr           #######.     1%          5    ##.....
k - Haunt                 Necr/Summ      #######...   5%          7    ######.

Your spell library contained the following spells:

 Spells                   Type           Power        Failure   Level  Hunger
 Animate Skeleton         Necr           N/A          1%          1    None
 Beastly Appendage        Tmut           ######       1%          1    None
 Pain                     Necr           ####         1%          1    None
 Sandblast                Erth           ######       1%          1    None
 Summon Butterflies       Summ           #######.     1%          1    None
 Summon Small Mammal      Summ           ####         1%          1    None
 Flame Tongue             Conj/Fire      ###..        5%          1    None
 Infusion                 Chrm           ###.         5%          1    None
 Magic Dart               Conj           ###.         5%          1    None
 Shock                    Conj/Air       ###.         5%          1    None
 Sting                    Conj/Pois      ###.         5%          1    None
 Blink                    Tloc           N/A          1%          2    None
 Call Imp                 Summ           #######.     1%          2    None
 Corpse Rot               Necr           N/A          1%          2    None
 Sticks to Snakes         Tmut           #######.     1%          2    None
 Sublimation of Blood     Necr           #######...   1%          2    None
 Call Canine Familiar     Summ           #######.     1%          3    None
 Gell's Gravitas          Tloc           ######....   1%          3    None
 Lesser Beckoning         Tloc           ######....   1%          3    None
 Spider Form              Tmut/Pois      ######....   1%          3    None
 Stone Arrow              Conj/Erth      ######       1%          3    None
 Summon Guardian Golem    Hex/Summ       ######..     1%          3    None
 Teleport Other           Tloc           ######..     1%          3    None
 Vampiric Draining        Necr           #######...   1%          3    None
 Animate Dead             Necr           N/A          1%          4    None
 Petrify                  Tmut/Erth      #######.     1%          4    None
 Agony                    Necr           #######.     1%          5    ##.....
 Blade Hands              Tmut           #######...   1%          5    ##.....
 Shroud of Golubria       Chrm/Tloc      #####.....   2%          2    None
 Ice Form                 Ice/Tmut       ######..     2%          4    None
 Summon Ice Beast         Ice/Summ       ######..     2%          4    None
 Hydra Form               Tmut           #######...   2%          6    ####...
 Shadow Creatures         Summ           N/A          2%          6    ####...
 Bolt of Draining         Conj/Necr      ######....   3%          5    ##.....
 Leda's Liquefaction      Hex/Erth       ######....   5%          4    None
 Irradiate                Conj/Tmut      ######....   6%          5    ##.....
 Summon Mana Viper        Hex/Summ       ######..     6%          5    ##.....
 Ensorcelled Hibernation  Hex/Ice        ###...       8%          2    None
 Poisonous Vapours        Pois/Air       ###...       8%          2    None
 Searing Ray              Conj           ###...       8%          2    None
 Slow                     Hex            ###.....     8%          2    None
 Song of Slaying          Chrm           ###.....     8%          2    None
 Swiftness                Chrm/Air       ###.....     8%          2    None
 Throw Flame              Conj/Fire      ###...       8%          2    None
 Throw Frost              Conj/Ice       ###...       8%          2    None
 Summon Hydra             Summ           #######...   9%          7    ######.
 Conjure Flame            Conj/Fire      ###.....     13%         3    None
 Dazzling Spray           Conj/Hex       ###...       13%         3    None
 Inner Flame              Hex/Fire       ###.....     13%         3    None
 Mephitic Cloud           Conj/Pois/Air  ###.....     13%         3    None
 Static Discharge         Conj/Air       ###.....     13%         3    None
 Force Lance              Conj/Tloc      #####...     13%         4    None
 Simulacrum               Ice/Necr       ######....   17%         6    ####...
 Infestation              Necr           #######...   17%         8    #######
 Necromutation            Tmut/Necr      #######...   30%         8    #######
 Airstrike                Air            ###.......   38%         4    None
 Fulminant Prism          Conj/Hex       ###.......   38%         4    None
 Iskenderun's Mystic Bla  Conj           ###.....     38%         4    None
 Sticky Flame             Conj/Fire      ###.....     38%         4    None
 Fireball                 Conj/Fire      ###.......   71%         5    ##.....
 Iskenderun's Battlesphe  Conj/Chrm      ###.....     71%         5    ##.....
 Lightning Bolt           Conj/Air       ###.......   71%         5    ##.....
 Metabolic Englaciation   Hex/Ice        ###.......   71%         5    ##.....
 Silence                  Hex/Air        ###.......   71%         5    ##.....
 Venom Bolt               Conj/Pois      ###.......   71%         5    ##.....
 Bolt of Cold             Conj/Ice       ###.......   99%         6    ####...
 Darkness                 Hex            ###.......   99%         6    ####...
 Freezing Cloud           Conj/Ice/Air   ###.......   99%         6    ####...
 Ozocubu's Refrigeration  Ice            ###.......   99%         6    ####...
 Poison Arrow             Conj/Pois      ###.......   99%         6    ####...
 Death's Door             Chrm/Necr      ######....   99%         8    #######
 Ring of Flames           Chrm/Fire      ###.......   100%        7    ######.
 Chain Lightning          Conj/Air       ###.......   100%        8    #######
 Lehudib's Crystal Spear  Conj/Erth      ######....   100%        8    #######
 Fire Storm               Conj/Fire      ###.......   100%        9    #######
 Glaciate                 Conj/Ice       ###.......   100%        9    #######
 Excruciating Wounds      Chrm/Necr      Unusable     N/A         5    N/A
 Passage of Golubria      Tloc           Unusable     N/A         4    N/A
 Spectral Weapon          Hex/Chrm       Unusable     N/A         3    N/A

Dungeon Overview and Level Annotations

Branches:
Dungeon (15/15)            Temple (0/1) D:4            Lair (6/6) D:9
 Shoals (4/4) Lair:4       Spider (4/4) Lair:2        Slime (0/5) Lair:5
    Orc (2/2) D:10            Elf (3/3) Orc:2        Vaults (4/5) D:13
  Crypt (2/3) Vaults:3     Depths (5/5) D:15            Zot (5/5) Depths:5

Altars:
Dithmenos
Elyvilon
Fedhas
Gozag
Kikubaaqudgha
Makhleb
Ru
Sif Muna
Trog
Uskayaw
Xom
Yredelemnul
Zin
The Shining One
Lugonu

Shops:
D:7 [   Orc:2 *=(*}   Shoals:4 :   Vaults:1 :   Vaults:3 (**   Depths:5 =}=

Portals:
Hell: Depths:1 Depths:2 Depths:3 Depths:4 Depths:5
Abyss: Depths:1 Depths:4 Depths:5
Pandemonium: Depths:1 Depths:3 Depths:4
Ziggurat: Depths:5

Annotations:
D:6 1 transporter
D:7 1 runed translucent door, Crazy Yiuf
D:8 exclusion: downstairs
D:9 exclusion: obsidian statue
D:10 exclusion: oklob sapling
D:11 1 exclusion
D:13 exclusion: 2 downstairs
Lair:6 4 runed translucent doors, exclusion: 2 oklob plants, MolotovDodgeball's ghost, journeyman TrAs
Spider:1 Jorgrun
Spider:2 exclusion: upstairs
Elf:2 5 runed translucent doors
Depths:3 1 runed translucent door, Jihy's ghost, adept TrMo
Zot:3 2 transporters, exclusion: orange crystal statue


Innate Abilities, Weirdness & Mutations

You cannot wear armour.
You are incapable of wielding weapons or throwing items.
Your paws allow you to move quietly. (Stealth)
You have sharp claws.
You have razor-sharp teeth.
You have supernaturally acute eyesight. (SInv)
You are carnivorous and can eat meat at any time.
You cover ground quickly.
Your thick and shaggy fur keeps you warm. (AC +3, rC+)
You have a slow metabolism.
Your sharp claws are effective at attacking unaware monsters.
You are surrounded by a mild repulsion field. (EV +2)
You are partially covered in iridescent scales. (AC +2)
You are partially covered in large bone plates. (SH +4)
You are agile. (Dex +2)
Your flesh is heat resistant. (rF+)
You are resistant to hostile enchantments. (MR+)
Your spells are a little harder to cast, but a little more powerful.


Message History

Level annotation: exclusion: obsidian statue
There is a stone staircase leading down here.
There is a stone staircase leading up here.
You climb upwards.
Level annotation: exclusion: downstairs
There is a stone staircase leading down here.
A smoke demon comes into view.
Unknown command.
There is a stone staircase leading up here.
You climb upwards.
Level annotation: 1 runed translucent door, Crazy Yiuf
There is a stone staircase leading down here.
(D) Dungeon (T) Temple (L) Lair (A) Shoals (N) Spider Nest (M) Slime Pits (O) Orcish Mines (E) Elven Halls (V) Vaults (C) Crypt (U) Depths (H) Hell (Z) Zot
Where to? (Enter - D:1 @ (x,y), ? - help)
There is a stone staircase leading up here.
You see here a sling bullet.
You climb upwards.
Level annotation: 1 transporter
There is a stone staircase leading down here.
There is a stone staircase leading up here.
You climb upwards.
There is a stone staircase leading down here.
There is a stone staircase leading up here.
You climb upwards.
There is a stone staircase leading down here.
There is a stone staircase leading up here.
You climb upwards.
There is a stone staircase leading down here.
There is a stone staircase leading up here.
You climb upwards.
There is a stone staircase leading down here.
You see here a buckler.
There is a stone staircase leading up here.
You climb upwards.
There is a stone staircase leading down here.
You see here a sling bullet.
Things that are here:
a +0 hunting sling; a +0 dagger; 10 sling bullets You see here 2 sling bullets.
There is an open door here.
You open the door.
There is an open door here.
There is an open door here.
There is an open door here.
There is a staircase leading out of the dungeon here.
Enter note: gg You have escaped!

###.#.## ##......
#...### ##.....
#.#.# ##...# ###.###
##'## #.....### #.#
#.....#.# #.#
#.....#.# ##รท##
#.....#.# ##....
#..@..#.#######.....
#######............#
#.# #.##.##.......
#.# #.##.######..#
#.#####.##.######..#
#.......##..........
####################


There were no monsters in sight!

Vanquished Creatures
  2 ancient liches
  4 orbs of fire
  A juggernaut (Depths:3)
  Bai Suzhen (Crypt:1)
  11 Killer Klowns
  A curse toe (Zot:3)
  5 golden dragons
  3 bone dragons
  3 liches
  14 tentacled monstrosities
  A shard shrike skeleton (Crypt:1)
  25 Orb Guardians
  2 deep elf blademasters (Elf:3)
  2 deep elf master archers (Elf:3)
  4 quicksilver dragons
  A kraken (Abyss:3)
  Polyphemus (Shoals:4)
  2 ancient champions (Crypt:1)
  4 tentacled starspawn
  8 death cobs
  3 sphinxes
  7 shadow dragons
  A storm dragon (shapeshifter) (Depths:2)
  8 tengu reavers
  14 storm dragons
  A draconian monk (Zot:1)
  4 fire giants
  7 frost giants
  A draconian knight (Depths:5)
  A frost giant (shapeshifter) (Depths:2)
  5 deep elf sorcerers
  9 vault wardens
  5 draconian scorchers
  8 ghost moths
  A draconian shifter (Zot:5)
  Louise (Elf:3)
  A balrug (Depths:1)
  5 ghouls
  3 deep elf elementalists
  3 iron dragons
  8 ironheart preservers
  A curse skull (Crypt:1)
  8 emperor scorpions
  3 spriggan defenders (Depths:4)
  2 draconian stormcallers (Zot:4)
  2 draconian annihilators
  A war gargoyle (Depths:2)
  10 stone giants
  3 entropy weavers (Spider:3)
  20 very ugly things
  4 green draconians
  2 vampire knights (Depths:4)
  4 grey draconians
  7 deep elf annihilators
  3 lorocyprocas (Depths:2)
  4 yellow draconians
  7 black draconians
  3 spark wasps
  5 deep elf demonologists
  4 purple draconians
  2 dire elephants
  7 red draconians
  2 white draconians
  A minotaur (Shoals:3)
  10 ettins
  5 merfolk javelineers
  A crystal guardian (Vaults:4)
  A blizzard demon (Depths:4)
  2 eidola (Crypt:1)
  6 deep elf death magi
  2 jiangshi (Crypt:1)
  A deep elf high priest (Elf:3)
  6 merfolk impalers
  Josephine (Shoals:1)
  7 great orbs of eyes
  2 fire dragons
  13 yaktaur captains
  6 ice dragons
  5 rakshasas
  6 hydras
  7 spriggan air magi
  2 merfolk avatars
  5 vault guards
  A ghost crab (Abyss:3)
  2 catoblepae
  6 centaur warriors
  2 death knights
  2 alligator snapping turtles (Shoals:4)
  A merfolk aquamancer (Shoals:1)
  26 two-headed ogres
  7 ogre magi
  3 vampire magi (Crypt:1)
  5 deep troll shamans
  3 deep troll earth magi
  4 orc high priests
  5 tengu warriors
  A thrashing horror (Abyss:1)
  3 satyrs
  15 dancing weapons
  3 death yaks
  An iron troll (shapeshifter) (Depths:2)
  2 sun demons (Abyss:1)
  Nergalle (Lair:1)
  22 deep elf knights
  A fire crab (shapeshifter) (Depths:3)
  A sixfirhy (Abyss:2)
  A wretched star (Abyss:2)
  A hell knight (Depths:2)
  18 skeletal warriors
  An iron troll (Depths:4)
  A sea snake (shapeshifter) (Depths:2)
  A spatial maelstrom (Abyss:3)
  An anaconda zombie (Crypt:1)
  4 sea snakes
  12 deep trolls
  3 flayed ghosts
  5 unseen horrors
  A swamp dragon (shapeshifter) (D:13)
  2 wizards (Vaults:1)
  9 ironbrand convokers
  24 deep elf archers
  2 necromancers
  A shadow dragon zombie (Crypt:1)
  39 deep elf magi
  22 harpies
  A lindwurm (Lair:6)
  18 orc knights
  A mana viper (Depths:2)
  An orb spider (shapeshifter) (Vaults:4)
  24 wolf spiders
  A phantasmal warrior (Crypt:1)
  11 orb spiders
  4 orc sorcerers
  19 manticores
  A sphinx skeleton (Crypt:2)
  26 ugly things
  11 fauns
  2 manticores (shapeshifter)
  9 cyclopes
  2 elephants (Lair:6)
  A centaur zombie (D:14)
  14 moths of wrath
  A salamander (shapeshifter) (Depths:2)
  2 smoke demons
  18 vault sentinels
  A rust devil (Depths:1)
  A black mamba (shapeshifter) (Elf:2)
  5 merfolk sirens
  4 water nymphs
  2 apocalypse crabs (Abyss:3)
  2 frost giant skeletons
  5 torpor snails
  2 rime drakes (shapeshifter)
  56 yaktaurs
  A redback zombie (Crypt:1)
  2 komodo dragons
  A hellwing (Depths:4)
  3 freezing wraiths
  6 demonic crawlers
  2 tengu conjurers
  A troll (shapeshifter) (Vaults:4)
  An ice devil (Depths:4)
  A sea snake skeleton (Crypt:1)
  A queen bee (shapeshifter) (Depths:5)
  6 meliai
  19 jumping spiders
  7 trolls
  5 wind drakes
  A red devil (Abyss:1)
  A bog body (Crypt:1)
  24 merfolk
  A tengu simulacrum (Vaults:2)
  10 hornets
  5 raiju
  A shadow dragon simulacrum (Crypt:1)
  18 slime creatures
  2 hippogriffs
  2 air elementals
  4 dream sheep (Shoals:4)
  11 tyrant leeches
  6 snapping turtles
  25 tarantellas
  3 small abominations
  6 flying skulls (Crypt:1)
  3 shadows (Crypt:1)
  3 yaks
  4 spriggans (Depths:4)
  A vampire (D:15)
  70 redbacks
  10 starcursed masses
  A tarantella (shapeshifter) (Vaults:2)
  A spriggan (shapeshifter) (Vaults:1)
  15 water elementals
  6 wraiths
  A ynoxinul (Depths:1)
  A wyvern (D:14)
  A fire elemental (Elf:2)
  6 large abominations
  A hog (shapeshifter) (Vaults:2)
  A dire elephant simulacrum (Crypt:1)
  A yaktaur simulacrum (Vaults:1)
  A golden eye (Spider:3)
  4 humans (D:13)
  3 vampire mosquitoes (Spider:1)
  4 neqoxecs
  A soldier ant (shapeshifter) (Depths:2)
  A soldier ant (D:12)
  3 wargs
  3 swamp worms (Spider:4)
  5 acid dragons
  An acid dragon (shapeshifter) (Vaults:3)
  A water moccasin (Lair:6)
  6 hell hounds
  A hornet zombie (D:15)
  36 orc warriors
  2 ettin simulacra
  An ice beast (shapeshifter) (Vaults:1)
  An ice dragon simulacrum (Abyss:1)
  A sky beast (D:12)
  A black bear (shapeshifter) (Vaults:2)
  3 eyes of draining
  3 necrophages (Crypt:1)
  20 ogres
  A snapping turtle skeleton (Crypt:2)
  8 boggarts
  A wolf (Lair:3)
  12 centaurs
  3 human zombies
  A bullfrog (D:11)
  3 earth elementals
  4 human skeletons (Vaults:3)
  A wyvern zombie (D:12)
  A scorpion (D:14)
  A hornet simulacrum (D:12)
  A killer bee (D:6)
  A troll skeleton (Crypt:1)
  An orc simulacrum (Vaults:1)
  4 wights (Crypt:1)
  An electric eel (Lair:6)
  A wolf zombie (Crypt:1)
  6 crimson imps
  2 quasits (Abyss:1)
  2 iron imps (Abyss:2)
  23 orc priests
  2 hounds (D:11)
  14 orc wizards
  A bullfrog skeleton (D:12)
  2 iguanas (D:12)
  3 worker ants
  A swamp drake zombie (Crypt:1)
  3 ufetubi
  A leopard gecko (D:11)
  51 orcs
  2 giant cockroaches (Vaults:3)
  A quokka (D:12)
  A hobgoblin zombie (Crypt:1)
  2 rats
  10 plants
  A starspawn tentacle (Abyss:3)
  3 tentacles (Abyss:3)
1474 creatures vanquished.

Vanquished Creatures (collateral kills)
  Frederick (Depths:4)
  2 Killer Klowns
  A golden dragon (Zot:3)
  the Enchantress (Depths:4)
  Nikola (Vaults:1)
  3 electric golems
  Rupert (Lair:4)
  4 tentacled monstrosities
  2 death cobs
  A sphinx (Elf:3)
  Kirke (Lair:5)
  Ilsuiw (Shoals:3)
  A draconian monk (Zot:3)
  A tengu reaver (Depths:4)
  2 fire giants
  3 frost giants
  A deep elf sorcerer (Depths:5)
  A draconian scorcher (Zot:4)
  3 ironheart preservers
  2 vault wardens (Vaults:3)
  A ghoul (Vaults:3)
  A war gargoyle (Depths:2)
  A deep elf elementalist (Elf:3)
  5 very ugly things
  2 entropy weavers
  4 stone giants
  Nessos (Lair:4)
  4 deep elf annihilators
  2 deep elf demonologists (Elf:3)
  A white draconian (Depths:5)
  A spark wasp (Depths:2)
  2 red draconians
  A deep elf death mage (Elf:3)
  2 ettins (Depths:2)
  2 merfolk impalers
  An eidolon (Vaults:3)
  4 yaktaur captains
  A deep elf high priest (Elf:3)
  The ghost of LostNumber the Cleaver, a journeyman DDFi of Makhleb (Lair:2)
  A crystal guardian (Depths:2)
  A merfolk javelineer (Shoals:3)
  2 great orbs of eyes
  Harold (D:8)
  5 ice dragons
  2 hydras
  A shambling mangrove (Abyss:3)
  A merfolk avatar (Shoals:3)
  2 spriggan air magi
  2 two-headed ogres
  2 merfolk aquamancers
  A tengu warrior (Depths:1)
  2 ogre magi
  6 deep troll earth magi
  5 death yaks
  3 orc high priests (Orc:2)
  3 deep elf knights
  2 glowing orange brains
  5 deep trolls
  A sea snake (Shoals:3)
  Pikel (D:6)
  2 wizards
  2 ironbrand convokers (Vaults:3)
  A lindwurm (Lair:6)
  A necromancer (Vaults:3)
  3 cyclopes
  4 orc knights (Orc:2)
  8 deep elf magi
  2 harpies
  4 wolf spiders
  7 orb spiders
  An orc sorcerer (Orc:2)
  5 ugly things
  2 moths of wrath
  A salamander (shapeshifter) (Depths:2)
  A draconian (Zot:1)
  5 manticores
  A vault sentinel (Vaults:2)
  5 elephants
  Psyche (D:8)
  5 merfolk sirens
  A black mamba (Lair:6)
  Joseph (D:7)
  2 water nymphs
  4 torpor snails
  9 spiny frogs
  A centaur skeleton (D:15)
  2 orange demons (Depths:1)
  A rime drake (Elf:3)
  11 yaktaurs
  2 demonic crawlers (Spider:2)
  An efreet (D:13)
  3 komodo dragons
  A red devil (Depths:1)
  A tengu conjurer (D:14)
  3 meliai
  2 trolls
  4 jumping spiders
  6 merfolk
  A polar bear (Lair:5)
  3 tyrant leeches
  3 slime creatures
  A wind drake (Shoals:4)
  4 hornets
  10 blink frogs
  12 hippogriffs
  A sphinx simulacrum (Vaults:3)
  2 snapping turtles (Shoals:3)
  4 dream sheep (Shoals:3)
  4 tarantellas
  2 shadows
  7 water elementals
  A centaur simulacrum (D:15)
  An air elemental (Elf:3)
  A vampire (D:11)
  6 basilisks
  4 wraiths
  3 hogs (Lair:5)
  2 redbacks
  Sigmund (D:2)
  A wyvern (shapeshifter) (Vaults:2)
  2 wyverns
  19 yaks
  5 humans (D:13)
  3 hungry ghosts
  A neqoxec (Abyss:1)
  2 swamp worms (Spider:4)
  2 acid dragons
  7 water moccasins
  A soldier ant (D:15)
  6 porcupines
  A hell hound (Elf:3)
  10 orc warriors
  2 sky beasts
  3 slaves (D:6)
  Duvessa (D:7)
  A necrophage (D:9)
  A black bear (D:10)
  4 eyes of draining
  7 ogres
  2 phantoms
  9 ice beasts
  28 wolves
  3 boggarts
  5 centaurs
  13 crocodiles
  A big kobold (D:7)
  11 bullfrogs
  A scorpion (D:8)
  Dowan (D:7)
  2 killer bees (D:7)
  4 wights (D:8)
  3 howler monkeys (D:9)
  3 centaur zombies
  3 crimson imps
  5 quasits
  10 orc priests
  5 hounds
  7 jellies
  4 bullfrog skeletons
  4 iguanas
  4 orc wizards
  6 worker ants
  4 mummies
  Robin (D:2)
  A howler monkey zombie (D:5)
  A worker ant zombie (D:10)
  10 adders
  3 gnolls (D:4)
  A river rat (Lair:4)
  5 shadow imps
  3 white imps (IceCv)
  4 ufetubi (IceCv)
  2 worms
  3 dart slugs (D:2)
  3 leopard geckos
  27 orcs
  6 ball pythons (D:10)
  4 giant cockroaches
  13 goblins
  11 hobgoblins
  11 jackals
  18 kobolds
  6 quokkas
  5 bats
  15 frilled lizards
  A gnoll zombie (Ossuary)
  4 goblin zombies
  4 hobgoblin zombies (Ossuary)
  5 kobold zombies
  A quokka zombie (D:7)
  8 rats
  A bush (Shoals:3)
  A fungus (Lair:5)
  11 plants
714 creatures vanquished.

Vanquished Creatures (others)
  An electric golem (Zot:5)
  2 death cobs
  A fire giant (Depths:4)
  A deep elf annihilator (Depths:2)
  A vault guard (D:13)
  A fire crab (Abyss:3)
  A starcursed mass (Abyss:3)
  A deep elf mage (Elf:1)
  A merfolk (Shoals:4)
  A redback (Spider:4)
  2 humans
  2 small abominations
  An acid dragon (Vaults:1)
  An ogre (Depths:4)
  3 white imps (IceCv)
  3 ufetubi (IceCv)
  A bush (Lair:2)
  31 fungi
  A lurking horror (Abyss:2)
  41 plants
  4 starspawn tentacles
  5 tentacles (Abyss:3)
  14 toadstools (D:11)
120 creatures vanquished.

Grand Total: 2308 creatures vanquished

Notes
Turn   | Place    | Note
-------+----------+-------------------------------------------
     0 | D:1      | Flugkiller the Felid Summoner began the quest for the Orb.
     0 | D:1      | Reached XP level 1. HP: 7/7 MP: 4/4
    84 | D:1      | Found a glowing golden altar of the Shining One.
   594 | D:1      | Reached XP level 2. HP: 11/11 MP: 1/6
  1181 | D:2      | Noticed Robin
  1714 | D:1      | Learned a level 2 spell: Call Imp
  1864 | D:2      | Reached XP level 3. HP: 10/14 MP: 1/8
  2263 | D:2      | Learned a level 3 spell: Call Canine Familiar
  2263 | D:2      | Noticed Sigmund
  2828 | D:2      | Killed Sigmund
  2828 | D:2      | Reached skill level 5 in Summonings
  2828 | D:2      | Reached XP level 4. HP: 17/18 MP: 4/10
  2888 | D:2      | Found a hide-covered altar of Uskayaw.
  2902 | D:2      | Noticed a +0 hand axe
  2902 | D:2      | Noticed a +0 dagger
  3195 | D:2      | Killed Robin
  3315 | D:2      | Found a basalt altar of Yredelemnul.
  3404 | D:2      | Found a white marble altar of Elyvilon.
  3533 | D:2      | Reached XP level 5. HP: 21/21 MP: 8/11
  4462 | D:3      | Found a glowing silver altar of Zin.
  4775 | D:3      | Found a shimmering altar of Xom.
  4775 | D:3      | Found a burning altar of Makhleb.
  5252 | D:4      | Found a sacrificial altar of Ru.
  5252 | D:4      | Found a bloodstained altar of Trog.
  5253 | D:4      | Found an opulent altar of Gozag.
  5351 | D:4      | Found a staircase to the Ecumenical Temple.
  5461 | D:4      | Gained mutation: You are covered in thick fur. (AC +2)
                  | [Felid growth]
  5461 | D:4      | Reached XP level 6. HP: 24/24 MP: 2/13
  5878 | D:4      | Found a blossoming altar of Fedhas.
  5879 | D:4      | Found an ancient bone altar of Kikubaaqudgha.
  5921 | D:4      | Became a worshipper of Kikubaaqudgha
  6043 | D:5      | Entered Level 5 of the Dungeon
  6875 | D:6      | Found a transporter.
  6957 | D:6      | Learned a level 4 spell: Summon Ice Beast
  6986 | D:6      | Noticed a water moccasin
  7046 | D:6      | Killed a water moccasin
  7449 | D:6      | Noticed a slave
  7451 | D:6      | Noticed a slave
  7452 | D:6      | Noticed a slave
  7453 | D:6      | Noticed a slave
  7497 | D:6      | Killed a slave
  7743 | D:6      | Killed a slave
  7779 | D:6      | Noticed Pikel
  7844 | D:6      | Killed a slave
  7935 | D:6      | Killed Pikel
  7935 | D:6      | Reached skill level 5 in Spellcasting
  7935 | D:6      | Reached XP level 7. HP: 27/27 MP: 6/16
  8244 | D:7      | Found a sand-covered staircase.
  8261 | Ossuary  | Entered an ossuary
  8261 | Ossuary  | Noticed a wraith
  8261 | Ossuary  | Noticed a wraith
  8261 | Ossuary  | Noticed a wraith
  8555 | Ossuary  | Noticed a wraith
  8601 | Ossuary  | Killed a wraith
  8663 | Ossuary  | Reached * piety under Kikubaaqudgha
  8663 | Ossuary  | Identified Kikubaaqudgha's Guide on Stolen Souls
                  | (Kikubaaqudgha gifted it to you in an ossuary)
  8663 | Ossuary  | Received a gift from Kikubaaqudgha
  8874 | D:7      | Found Opleicw's Antique Armour Boutique.
  8912 | D:7      | Noticed Duvessa
  8912 | D:7      | Noticed Dowan
  8930 | D:7      | Killed Dowan
  9020 | D:7      | Killed Duvessa
  9178 | D:7      | Noticed Joseph
  9191 | D:7      | Reached skill level 1 in Necromancy
  9352 | D:7      | Killed Joseph
  9352 | D:7      | Reached XP level 8. HP: 21/31 MP: 1/18
  9500 | D:7      | Found a deep blue altar of Sif Muna.
 10033 | D:7      | Found a runed translucent door.
 10034 | D:7      | Noticed Crazy Yiuf
 10718 | D:8      | Noticed Psyche
 10727 | D:8      | Killed Psyche
 10733 | D:8      | Learned a level 4 spell: Summon Lightning Spire
 10885 | D:8      | Learned a level 2 spell: Sublimation of Blood
 11119 | D:8      | Noticed a hippogriff
 11142 | D:8      | Killed a hippogriff
 11142 | D:8      | Reached ** piety under Kikubaaqudgha
 11299 | D:8      | Noticed Harold
 11468 | D:8      | Slain by Harold
 11469 | D:8      | Reached XP level 7. HP: -1/27 MP: 15/18
 11529 | D:8      | Killed a hungry ghost
 11529 | D:8      | Reached XP level 8. HP: 31/31 MP: 16/19
 11637 | D:8      | Killed Harold
 11910 | D:8      | Learned a level 1 spell: Animate Skeleton
 11932 | D:9      | Found a shadowy altar of Dithmenos.
 11954 | D:9      | Noticed a smoke demon
 11966 | D:9      | Noticed an ice devil
 12078 | D:9      | Noticed an obsidian statue
 12089 | D:9      | Noticed an elephant
 12090 | D:9      | Found a staircase to the Lair.
 12537 | D:9      | Reached skill level 5 in Necromancy
 13127 | D:9      | Killed an elephant
 13127 | D:9      | Reached XP level 9. HP: 34/34 MP: 3/21
 13366 | D:10     | Entered Level 10 of the Dungeon
 13533 | D:10     | Found a staircase to the Orcish Mines.
 13841 | D:10     | Reached skill level 1 in Evocations
 14354 | D:10     | Reached *** piety under Kikubaaqudgha
 14354 | D:10     | Identified Kikubaaqudgha's Disquisition on Evil Arts
                  | (Kikubaaqudgha gifted it to you on level 10 of the Dungeon)
 14354 | D:10     | Received a gift from Kikubaaqudgha
 14438 | Lair:1   | Entered Level 1 of the Lair of Beasts
 14477 | Lair:1   | Noticed Nergalle
 15001 | Lair:1   | Noticed a spiny frog
 15019 | Lair:1   | Killed a spiny frog
 15032 | Lair:1   | Found a dark tunnel.
 15117 | Lair:1   | Killed Nergalle
 16344 | Lair:2   | Noticed a komodo dragon
 16378 | Lair:2   | HP: 1/34 [komodo dragon (16)]
 16379 | Lair:2   | Mangled by a komodo dragon
 16380 | Lair:2   | Reached XP level 8. HP: -12/31 MP: 5/21
 16392 | Lair:2   | Found a hole to the Spider Nest.
 16392 | Lair:2   | Noticed a komodo dragon
 16405 | Lair:2   | Killed a komodo dragon
 16405 | Lair:2   | Reached XP level 9. HP: 34/34 MP: 17/22
 16441 | Lair:2   | Noticed a spiny frog
 16461 | Lair:2   | Killed a spiny frog
 16676 | Lair:2   | Killed a komodo dragon
 17229 | Lair:2   | Reached skill level 5 in Evocations
 17668 | Lair:2   | Found a runed translucent door.
 17669 | Lair:2   | Noticed LostNumber's ghost (journeyman DDFi)
 17962 | Lair:2   | Killed LostNumber's ghost
 18125 | Lair:3   | Noticed a spiny frog
 18330 | Lair:3   | Reached XP level 10. HP: 37/37 MP: 2/24
 18700 | Lair:3   | Noticed a spiny frog
 18712 | Lair:3   | Killed a spiny frog
 19034 | Lair:3   | Killed a spiny frog
 19034 | Lair:3   | Reached skill level 10 in Spellcasting
 19279 | Lair:3   | Reached **** piety under Kikubaaqudgha
 19441 | Lair:3   | Reached skill level 1 in Fighting
 20076 | Lair:4   | Noticed Rupert
 20126 | Lair:4   | Killed Rupert
 20126 | Lair:4   | Reached skill level 5 in Dodging
 20371 | Lair:4   | Noticed a merfolk siren
 20403 | Lair:4   | Killed a merfolk siren
 20824 | Lair:4   | Noticed Nessos
 20904 | Lair:4   | Shot with an arrow by Nessos
 20905 | Lair:4   | Reached XP level 9. HP: -3/38 MP: 7/24
 21020 | Lair:4   | Found a staircase to the Shoals.
 21123 | Lair:4   | Reached XP level 10. HP: 42/42 MP: 25/25
 21533 | Lair:4   | Killed Nessos
 21772 | Lair:5   | Noticed a spiny frog
 21782 | Lair:5   | Killed a spiny frog
 22046 | Lair:5   | Learned a level 5 spell: Borgnjor's Vile Clutch
 22134 | Lair:5   | Reached skill level 5 in Fighting
 22186 | Lair:5   | Noticed Kirke
 22282 | Lair:5   | Found a staircase to the Slime Pits.
 22296 | Lair:5   | Reached skill level 1 in Earth Magic
 22310 | Lair:5   | Noticed a seven-headed hydra
 22340 | Lair:5   | Killed a seven-headed hydra
 22399 | Lair:5   | Killed Kirke
 22550 | Lair:5   | Noticed a death yak
 22570 | Lair:5   | Killed a death yak
 22574 | Lair:5   | Noticed a death yak
 22574 | Lair:5   | Noticed a death yak
 22574 | Lair:5   | Noticed a death yak
 22600 | Lair:5   | Killed a death yak
 22681 | Lair:5   | Killed a death yak
 22681 | Lair:5   | Reached XP level 11. HP: 48/48 MP: 1/26
 23316 | Lair:5   | Killed a death yak
 23859 | Lair:6   | Entered Level 6 of the Lair of Beasts
 23922 | Lair:6   | Found a frozen archway.
 24114 | IceCv    | Entered an ice cave
 24164 | IceCv    | Reached ***** piety under Kikubaaqudgha
 24474 | Lair:6   | Learned a level 3 spell: Regeneration
 24519 | Lair:6   | Found a runed translucent gate.
 24519 | Lair:6   | Found a runed translucent gate.
 24519 | Lair:6   | Found a runed translucent gate.
 24524 | Lair:6   | Noticed MolotovDodgeball's ghost (journeyman TrAs)
 24524 | Lair:6   | Noticed a 13-headed hydra
 24525 | Lair:6   | Noticed a 13-headed hydra
 24528 | Lair:6   | Noticed a nine-headed hydra
 24828 | Lair:6   | Reached skill level 10 in Dodging
 24922 | Lair:6   | Noticed an oklob plant
 25017 | Lair:6   | Noticed an oklob plant
 25363 | Lair:6   | Found a runed translucent door.
 25363 | Lair:6   | Noticed a fire dragon
 25447 | Lair:6   | Reached skill level 5 in Earth Magic
 25546 | Lair:6   | Noticed a lindwurm
 25581 | Lair:6   | Killed a lindwurm
 26499 | Lair:6   | Noticed a lindwurm
 26628 | Lair:6   | Killed a lindwurm
 26628 | Lair:6   | Gained mutation: Your thick and shaggy fur keeps you warm.
                  | (AC +3, rC+) [Felid growth]
 26628 | Lair:6   | Reached XP level 12. HP: 55/55 MP: 14/27
 28283 | D:11     | Noticed a seven-headed hydra
 28292 | D:11     | Killed a seven-headed hydra
 28829 | D:11     | Found a blossoming altar of Fedhas.
 30659 | D:12     | Reached ****** piety under Kikubaaqudgha
 30663 | D:12     | Received a gift from Kikubaaqudgha
 31288 | D:13     | Killed a vault guard
 31376 | D:13     | Found a shadowy altar of Dithmenos.
 31580 | D:13     | Noticed a centaur warrior
 31592 | D:13     | Killed a centaur warrior
 31954 | D:13     | Learned a level 6 spell: Statue Form
 31967 | D:13     | Noticed a vault guard
 31986 | D:13     | Killed a vault guard
 31986 | D:13     | Reached skill level 1 in Transmutations
 32141 | D:13     | Identified the +6 plate armour "Oqeatar" {rF+ MP+9}
 32585 | D:13     | Noticed a centaur warrior
 32796 | D:13     | Killed a centaur warrior
 32796 | D:13     | Reached XP level 13. HP: 59/59 MP: 14/28
 33494 | D:13     | Found a gate to the Vaults.
 34672 | D:14     | Identified the cursed +1 robe of the Evening Star {rF+ rC+
                  | MR+}
 35554 | D:14     | You fall through a shaft!
 35554 | D:15     | Entered Level 15 of the Dungeon
 35557 | D:15     | Noticed an ettin
 35570 | D:15     | Reached skill level 5 in Transmutations
 35589 | D:15     | Killed an ettin
 37505 | D:15     | Reached skill level 10 in Fighting
 38195 | D:15     | Found a staircase to the Depths.
 39100 | Orc:1    | Entered Level 1 of the Orcish Mines
 39263 | Orc:2    | Entered Level 2 of the Orcish Mines
 39449 | Orc:2    | Found Xizef's General Store.
 39488 | Orc:2    | Found a staircase to the Elven Halls.
 39584 | Orc:2    | Reached XP level 14. HP: 66/66 MP: 7/29
 41278 | Orc:2    | Found Koazyett's Antique Weapon Emporium.
 41278 | Orc:2    | Found Ciluda's Jewellery Emporium.
 41279 | Orc:2    | Found Tengeinu's Gadget Emporium.
 41279 | Orc:2    | Found Ehoeprui's Assorted Antiques.
 41296 | Orc:2    | Bought a +6 ring of protection for 1248 gold pieces
 41299 | Orc:2    | Bought 2 scrolls of blinking for 525 gold pieces
 41299 | Orc:2    | Bought a potion of heal wounds for 175 gold pieces
 41872 | Orc:1    | Gained mutation: You do not regenerate when monsters are
                  | visible. [a neqoxec]
 42006 | Orc:2    | Lost mutation: You do not regenerate when monsters are
                  | visible. [potion of mutation]
 42006 | Orc:2    | Gained mutation: You are partially covered in large bone
                  | plates. (SH +4) [potion of mutation]
 42006 | Orc:2    | Gained mutation: You can translocate small distances at
                  | will. [potion of mutation]
 42552 | Spider:1 | Entered Level 1 of the Spider Nest
 42682 | Spider:1 | Noticed an emperor scorpion
 42709 | Spider:1 | Reached skill level 10 in Transmutations
 42876 | Spider:1 | Killed an emperor scorpion
 43003 | Spider:1 | Noticed Jorgrun
 43659 | Spider:1 | Noticed an entropy weaver
 43673 | Spider:1 | Killed an entropy weaver
 44611 | Spider:2 | Noticed an entropy weaver
 44983 | Spider:2 | Reached skill level 10 in Earth Magic
 45611 | Spider:2 | Killed an entropy weaver
 46060 | Spider:3 | Noticed a ghost moth
 46078 | Spider:3 | Killed a ghost moth
 46201 | Spider:3 | Reached XP level 15. HP: 70/70 MP: 0/30
 46500 | Spider:3 | Reached skill level 1 in Unarmed Combat
 46765 | Spider:3 | Reached skill level 2 in Unarmed Combat
 47057 | Spider:3 | Noticed a ghost moth
 47078 | Spider:3 | Killed a ghost moth
 47423 | Spider:3 | Reached skill level 3 in Unarmed Combat
 48173 | Spider:4 | Entered Level 4 of the Spider Nest
 48188 | Spider:3 | Reached skill level 4 in Unarmed Combat
 48328 | Spider:4 | Reached skill level 10 in Necromancy
 49005 | Spider:4 | Reached skill level 5 in Unarmed Combat
 49763 | Spider:4 | Noticed a ghost moth
 49774 | Spider:3 | Killed a ghost moth
 50686 | Spider:4 | Reached XP level 16. HP: 56/75 MP: 8/32
 51673 | Spider:4 | Got a gossamer rune of Zot
 51929 | Shoals:1 | Entered Level 1 of the Shoals
 52109 | Lair:4   | Learned a level 6 spell: Death Channel
 52389 | Shoals:1 | Noticed Josephine
 52399 | Shoals:1 | Killed Josephine
 52712 | Shoals:2 | Reached skill level 6 in Unarmed Combat
 52969 | Shoals:2 | Reached skill level 7 in Unarmed Combat
 53539 | Shoals:2 | Reached skill level 8 in Unarmed Combat
 53821 | Shoals:3 | Noticed Ilsuiw
 53841 | Shoals:3 | Killed Ilsuiw
 53900 | Shoals:3 | Reached skill level 9 in Unarmed Combat
 54125 | Shoals:3 | Found a hide-covered altar of Uskayaw.
 54142 | Shoals:3 | Identified the +4 fustibalus "Becaanedgh" {freeze, +Fly
                  | Dex+3}
 54338 | Shoals:3 | Reached skill level 10 in Unarmed Combat
 54731 | Shoals:4 | Entered Level 4 of the Shoals
 55056 | Shoals:4 | Reached XP level 17. HP: 78/78 MP: 18/34
 55073 | Shoals:4 | Killed from afar by a merfolk aquamancer
 55074 | Shoals:4 | Reached XP level 16. HP: -7/75 MP: 21/42
 55087 | Shoals:4 | Reached skill level 11 in Unarmed Combat
 56079 | Shoals:4 | Noticed Polyphemus
 56102 | Shoals:3 | Reached skill level 12 in Unarmed Combat
 56371 | Shoals:4 | Found Pautol's Book Shoppe.
 56473 | Shoals:4 | Got a barnacled rune of Zot
 56639 | Shoals:4 | Identified Yguen's Guide on Shape Shifting and Envenoming
 57386 | Shoals:4 | Killed Polyphemus
 57386 | Shoals:4 | Reached skill level 13 in Unarmed Combat
 57815 | Vaults:1 | Entered Level 1 of the Vaults
 58730 | Vaults:1 | Reached skill level 14 in Unarmed Combat
 59280 | Vaults:1 | Found Homoycug's Book Shoppe.
 59463 | Vaults:1 | Reached XP level 17. HP: 78/78 MP: 13/34
 59880 | Vaults:1 | Reached skill level 15 in Unarmed Combat
 59885 | Vaults:1 | Reached skill level 10 in Summonings
 59975 | Vaults:1 | Noticed Nikola
 60554 | Vaults:1 | Killed Nikola
 60989 | Vaults:2 | Reached XP level 18. HP: 82/82 MP: 30/35
 61498 | Vaults:2 | Noticed a lich
 61745 | Vaults:2 | Killed a lich
 63047 | Vaults:2 | Reached skill level 15 in Necromancy
 63056 | Vaults:2 | Reached XP level 19. HP: 85/85 MP: 13/36
 64360 | Vaults:3 | Found a staircase to the Crypt.
 64473 | Vaults:3 | Learned a level 5 spell: Dispel Undead
 64476 | Crypt:1  | Entered Level 1 of the Crypt
 65118 | Crypt:1  | Reached skill level 15 in Dodging
 65230 | Crypt:1  | Gained mutation: Your body sometimes deteriorates upon
                  | taking damage. [mutagenic glow]
 65307 | Crypt:1  | Gained mutation: You are dopey. (Int -2) [mutagenic glow]
 65930 | Vaults:3 | Found Gozag's Antique Weapon Boutique.
 65931 | Vaults:3 | Found an opulent altar of Gozag.
 65933 | Vaults:3 | Found Gozag's Assorted Antiques.
 65947 | Vaults:3 | Found Gozag's Assorted Antiques.
 66890 | Vaults:4 | Reached XP level 20. HP: 91/91 MP: 32/37
 69530 | Elf:1    | Entered Level 1 of the Elven Halls
 69874 | Elf:1    | Identified a scroll of acquirement
 70290 | Elf:1    | Lost mutation: You are dopey. (Int -2) [potion of mutation]
 70290 | Elf:1    | Lost mutation: Your body sometimes deteriorates upon taking
                  | damage. [potion of mutation]
 70290 | Elf:1    | Gained mutation: You are surrounded by a mild repulsion
                  | field. (EV +2) [potion of mutation]
 70290 | Elf:1    | Gained mutation: Your spells are a little harder to cast,
                  | but a little more powerful. [potion of mutation]
 70290 | Elf:1    | Gained mutation: You are robust. (+10% HP) [potion of
                  | mutation]
 71031 | Elf:2    | Found a huge runed translucent gate.
 71031 | Elf:2    | Found a huge runed translucent gate.
 71036 | Elf:2    | Found a huge runed translucent gate.
 71036 | Elf:2    | Found a huge runed translucent gate.
 71036 | Elf:2    | Found a huge runed translucent gate.
 71200 | Elf:3    | Entered Level 3 of the Elven Halls
 71320 | Elf:3    | Noticed Louise
 71333 | Elf:3    | Killed Louise
 71556 | Elf:3    | Identified the ring "Zegarus" {rPois MR+ EV+4 Int+3 Dex+2}
 71631 | Elf:3    | Reached skill level 15 in Summonings
 72294 | Elf:3    | Identified the cursed +0 chain mail of the Accordion {rF-
                  | Regen+ Int+8 SInv}
 72343 | Elf:3    | Identified the cursed +1 scimitar "Icsoceojor" {drain,
                  | rElec rF++}
 72538 | Elf:3    | Reached XP level 21. HP: 108/108 MP: 27/39
 72611 | Elf:3    | Identified the +1 leather armour of Otuipaff {rN+ Int+2}
 72622 | Elf:3    | Identified the +8 long sword "Banisher" {slice, +Blink
                  | rPois Int+10 Dex-2}
 72647 | Elf:3    | Identified the ring "Duxomol" {rCorr MR+ Str+4 Int+3}
 72822 | Elf:3    | Learned a level 7 spell: Haunt
 73368 | Elf:3    | Identified the Grimoire of Confrontation
 73376 | Elf:3    | Identified Lehudib's Catalogue of Quantum Leap
 73388 | Elf:3    | Identified the Catalogue of the Excruciating Blaze
 73403 | Elf:3    | Reached skill level 15 in Fighting
 74058 | Depths:1 | Entered Level 1 of the Depths
 74400 | Depths:1 | Found a one-way gate leading to the halls of Pandemonium.
 74763 | Depths:1 | Found a gateway to Hell.
 74872 | Depths:1 | Found a corrupted altar of Lugonu.
 74872 | Depths:1 | Found a one-way gate to the infinite horrors of the Abyss.
 78194 | Depths:3 | Reached XP level 22. HP: 115/115 MP: 31/41
 78957 | Depths:3 | Found a runed translucent door.
 78963 | Depths:3 | Noticed Jihy's ghost (adept TrMo)
 79261 | Depths:3 | Learned a level 4 spell: Passage of Golubria
 79299 | Depths:3 | Identified the Almanac of Vitriolic Stones
 79338 | Depths:3 | Noticed a juggernaut
 79645 | Depths:3 | Killed a juggernaut
 79797 | Depths:3 | Reached skill level 1 in Translocations
 80408 | Depths:4 | Reached skill level 16 in Unarmed Combat
 80571 | Depths:4 | Noticed Frederick
 80698 | Depths:4 | Killed Frederick
 81056 | Depths:4 | Reached skill level 5 in Translocations
 81191 | Depths:4 | Identified the +3 faerie dragon scales {rC+ rCorr Str+3}
 81191 | Depths:4 | Noticed the Enchantress
 82014 | Depths:4 | Killed the Enchantress
 82354 | Depths:5 | Entered Level 5 of the Depths
 82763 | Depths:5 | Reached XP level 23. HP: 31/121 MP: 4/42
 83077 | Depths:5 | Found a gateway to a ziggurat.
 83221 | Depths:5 | Reached skill level 17 in Unarmed Combat
 83806 | Depths:5 | Found Ylis's Jewellery Shoppe.
 83806 | Depths:5 | Found Waemuibb's Gadget Boutique.
 83807 | Depths:5 | Found Suuwett's Jewellery Shoppe.
 84030 | Depths:5 | Found a gate to the Realm of Zot.
 84196 | Depths:5 | Voluntarily entered the Abyss.
 84227 | Abyss:2  | Found a corrupted altar of Lugonu.
 84654 | Abyss:3  | Found a corrupted altar of Lugonu.
 84661 | Abyss:3  | Reached skill level 5 in Stealth
 84798 | Depths:5 | Escaped the Abyss
 85169 | Crypt:2  | Noticed Bai Suzhen
 85179 | Crypt:1  | Killed Bai Suzhen
 85768 | Depths:1 | Voluntarily entered the Abyss.
 85942 | Abyss:1  | Reached skill level 10 in Stealth
 85981 | Depths:1 | Escaped the Abyss
 86148 | Depths:1 | Voluntarily entered the Abyss.
 86284 | Abyss:2  | Found a stormy altar of Qazlal.
 86391 | Abyss:3  | Paralysed by accursed screaming for 1 turns
 86455 | Abyss:3  | Got an abyssal rune of Zot
 86466 | Depths:1 | Escaped the Abyss
 86506 | Depths:1 | Learned a level 7 spell: Dragon Form
 86616 | Zot:1    | Entered Level 1 of the Realm of Zot
 87212 | Zot:1    | Reached skill level 18 in Unarmed Combat
 87566 | Zot:3    | Found a transporter.
 87566 | Zot:3    | Noticed a Killer Klown
 87581 | Zot:3    | Noticed a curse toe
 87598 | Zot:3    | Killed a curse toe
 87598 | Zot:3    | Reached XP level 24. HP: 126/126 MP: 15/42
 87844 | Zot:3    | HP: 5/163 [death cob (14)]
 87848 | Zot:3    | HP: 2/126 [tentacled monstrosity (1)]
 87848 | Zot:3    | Slain by a tentacled monstrosity
 87849 | Zot:3    | Reached XP level 23. HP: -5/122 MP: 42/42
 87880 | Zot:3    | Noticed a Killer Klown
 87890 | Zot:3    | Killed a Killer Klown
 88092 | Zot:3    | Found a transporter.
 89626 | Zot:4    | Reached skill level 19 in Unarmed Combat
 89975 | Zot:4    | Identified the ring of Fuwoc {rCorr *Corrode Dex+9} (You
                  | acquired it on level 4 of the Realm of Zot)
 90126 | Zot:5    | Entered Level 5 of the Realm of Zot
 90764 | Zot:5    | Noticed an ancient lich
 90769 | Zot:5    | Noticed a Killer Klown
 90770 | Zot:5    | Noticed an orb of fire
 90771 | Zot:5    | Noticed an orb of fire
 90772 | Zot:5    | Gained mutation: You are weak. (Str -2) [an orb of fire]
 90772 | Zot:5    | Noticed a Killer Klown
 90794 | Zot:4    | Reached skill level 15 in Transmutations
 91009 | Zot:5    | Noticed a Killer Klown
 91023 | Zot:4    | Killed a Killer Klown
 91025 | Zot:4    | Killed an ancient lich
 91025 | Zot:4    | Reached XP level 24. HP: 84/128 MP: 30/42
 91138 | Zot:5    | Noticed an orb of fire
 91139 | Zot:5    | Gained mutation: You tend to lose your temper in combat.
                  | [an orb of fire]
 91152 | Zot:4    | Killed an orb of fire
 91156 | Zot:5    | Noticed a Killer Klown
 91168 | Zot:4    | Killed a Killer Klown
 91258 | Zot:4    | Killed a Killer Klown
 91342 | Zot:5    | Noticed a Killer Klown
 91348 | Zot:5    | Killed a Killer Klown
 91348 | Zot:5    | Reached skill level 20 in Unarmed Combat
 91358 | Zot:4    | Killed an orb of fire
 91479 | Zot:5    | Noticed a Killer Klown
 91482 | Zot:5    | Gained mutation: You do not regenerate when monsters are
                  | visible. [an orb of fire]
 91637 | Zot:5    | Noticed a Killer Klown
 91649 | Zot:5    | Killed a Killer Klown
 91703 | Zot:5    | Noticed an ancient lich
 91705 | Zot:5    | Noticed a Killer Klown
 91711 | Zot:5    | Killed an ancient lich
 91718 | Zot:5    | Killed a Killer Klown
 91883 | Zot:5    | Noticed a Killer Klown
 91891 | Zot:5    | Killed an orb of fire
 91900 | Zot:5    | Killed a Killer Klown
 92008 | Zot:5    | Killed a Killer Klown
 92285 | Zot:5    | Noticed a Killer Klown
 92309 | Zot:5    | Noticed a Killer Klown
 92502 | Zot:4    | Reached skill level 21 in Unarmed Combat
 92629 | Zot:5    | Killed a Killer Klown
 92636 | Zot:5    | Killed a Killer Klown
 92730 | Zot:4    | Learned a level 8 spell: Borgnjor's Revivification
 92743 | Zot:5    | Killed a Killer Klown
 93019 | Zot:5    | Noticed a Killer Klown
 93060 | Zot:5    | Killed a Killer Klown
 93062 | Zot:5    | Reached XP level 25. HP: 126/126 MP: 10/42
 93578 | Zot:5    | Noticed an orb of fire
 93591 | Zot:5    | Killed an orb of fire
 93591 | Zot:5    | Reached skill level 22 in Unarmed Combat
 93676 | Zot:5    | Lost mutation: You can translocate small distances at will.
                  | [potion of mutation]
 93676 | Zot:5    | Lost mutation: You are robust. (+10% HP) [potion of
                  | mutation]
 93676 | Zot:5    | Gained mutation: You are resistant to hostile enchantments.
                  | (MR+) [potion of mutation]
 93676 | Zot:5    | Gained mutation: You are partially covered in iridescent
                  | scales. (AC +2) [potion of mutation]
 93677 | Zot:5    | Lost mutation: You tend to lose your temper in combat.
                  | [potion of mutation]
 93677 | Zot:5    | Lost mutation: You are weak. (Str -2) [potion of mutation]
 93677 | Zot:5    | Lost mutation: You do not regenerate when monsters are
                  | visible. [potion of mutation]
 93677 | Zot:5    | Gained mutation: You are agile. (Dex +2) [potion of
                  | mutation]
 93677 | Zot:5    | Gained mutation: Your flesh is heat resistant. (rF+)
                  | [potion of mutation]
 93678 | Zot:5    | Got the Orb of Zot
 93891 | Depths:1 | thank god
 94182 | D:1      | gg
 94183 | D:$      | Escaped with the Orb!

Skill      XL: |  1  2  3  4  5  6  7  8  9 10 11 12 13 14 15 16 17 18 19 20 21 22 23 24 25 |
---------------+----------------------------------------------------------------------------+-----
Spellcasting   | 3 4 5 6 7 9 10 11 12 13 14 | 14.0
Summonings     | 5 7 9 11 13 15 | 15.0
Necromancy     | 2 5 8 9 11 13 15 16 17 18 | 18.0
Evocations     | 4 5 |  5.0
Dodging        | 8 10 11 13 14 15 17 18 19 | 19.5
Fighting       | 6 8 10 11 12 14 15 16 17 18 19 | 19.0
Earth Magic    | 2 5 9 10 11 | 11.0
Transmutations | 2 7 11 15 12 | 15.0
Unarmed Combat | 5 14 15 16 19 21 22 | 22.0
Translocations | 6 |  6.0
Stealth        | 12 | 12.0

Action                   |  1- 3 |  4- 6 |  7- 9 | 10-12 | 13-15 | 16-18 | 19-21 | 22-24 | 25-27 || total
-------------------------+-------+-------+-------+-------+-------+-------+-------+-------+-------++-------
Melee: Unarmed           |     1 |     6 |     6 |    14 |   260 |   830 |  1222 |  1352 |    20 ||  3711
       Bite              |       |     1 |     1 |     5 |    29 |    82 |   111 |   141 |     4 ||   374
       Punch             |       |       |       |       |     2 |    41 |    81 |   100 |       ||   224
       Tailslap          |       |       |       |       |       |       |       |    19 |     2 ||    21
 Cast: Summon Small Mamm |    54 |       |       |       |       |       |       |       |       ||    54
       Call Imp          |    19 |    59 |    19 |     2 |     5 |       |       |       |       ||   104
       Call Canine Famil |     6 |    58 |    41 |    15 |    13 |       |       |       |       ||   133
       Summon Lightning  |       |       |    72 |   138 |   126 |    28 |     9 |     1 |       ||   374
       Summon Ice Beast  |       |       |    95 |   100 |    16 |       |       |       |       ||   211
       Animate Skeleton  |       |       |     9 |    64 |    40 |       |       |       |       ||   113
       Sublimation of Bl |       |       |     4 |    28 |   186 |     2 |       |     6 |       ||   226
       Borgnjor's Vile C |       |       |       |   116 |   386 |   235 |   133 |   117 |     1 ||   988
       Regeneration      |       |       |       |     9 |   134 |    16 |     5 |    16 |       ||   180
       Statue Form       |       |       |       |       |    37 |    89 |   103 |    97 |       ||   326
       Death Channel     |       |       |       |       |       |    15 |    15 |     6 |       ||    36
       Dispel Undead     |       |       |       |       |       |       |     6 |    13 |       ||    19
       Haunt             |       |       |       |       |       |       |    61 |    80 |       ||   141
       Dragon Form       |       |       |       |       |       |       |       |    14 |     3 ||    17
       Passage of Golubr |       |       |       |       |       |       |       |     1 |       ||     1
       Borgnjor's Revivi |       |       |       |       |       |       |       |     1 |       ||     1
Invok: Receive Corpses   |       |       |       |     3 |       |       |       |       |       ||     3
       Receive Necronomi |       |       |       |     1 |       |       |       |       |       ||     1
 Abil: End Transformatio |       |       |       |       |     8 |     1 |     5 |    10 |       ||    24
       Blink             |       |       |       |       |       |       |       |     1 |       ||     1
Evoke: Wand              |       |       |     6 |    15 |    17 |     3 |       |    13 |       ||    54
       Lamp of fire      |       |       |       |       |       |     1 |     1 |     2 |       ||     4
  Use: Scroll            |       |       |    23 |     5 |     8 |     8 |     8 |    21 |     1 ||    74
       Potion            |       |       |       |     3 |     4 |     2 |     3 |    10 |     2 ||    24
 Stab: Sleeping          |       |       |       |     2 |       |     2 |     1 |       |       ||     5
       Distracted        |       |       |       |       |       |     5 |    15 |    13 |       ||    33
       Petrified         |       |       |       |       |       |       |     2 |       |       ||     2
  Eat: Chunk             |    12 |    16 |    49 |    61 |    92 |    98 |    89 |    89 |     2 ||   508
       Ration            |       |       |       |       |    13 |       |     2 |     4 |     2 ||    21
Armor: Skin              |     2 |     2 |    10 |     7 |   329 |   354 |   416 |   606 |     3 ||  1729
Dodge: Dodged            |    32 |    25 |    80 |   110 |  1384 |  1551 |  1799 |  2750 |     5 ||  7736
Block: Other             |       |       |       |       |   177 |   203 |   244 |   296 |       ||   920
